 Dungeon Crawl Stone Soup version 0.31-a0-182-gc5ef74bbde (webtiles) character file.

Game seed: 17069316139599025103

5 Moral the Grave Robber (level 1, 0/13 HPs)
             Began as a Demonspawn Necromancer on June 21, 2023.
             Slain by a kobold
             ... wielding a +0 short sword
              (3 damage)
             ... on level 1 of the Dungeon.
             The game lasted 00:00:38 (73 turns).

Moral the Grave Robber (Demonspawn Necromancer)       Turns: 73, Time: 00:00:39

Health: 0/13       AC:  2    Str:  8    XL:     1   Next: 66%
Magic:  0/3        EV: 12    Int: 16    God:
Gold:   10         SH:  0    Dex: 13    Spells: 3/4 levels left

rFire   . . .        (no weapon)
rCold   . . .        (no shield)
rNeg    . . .        a - +0 robe
rPois   .            (no helmet)
rElec   .            (no cloak)
rCorr   .            (no gloves)
SInv    .            (no boots)
Will    .....        (no amulet)
Stlth   ++           (no ring)
HPRegen 0.22/turn    (no ring)
MPRegen 0.08/turn

%: no passive effects
@: no status effects
A: no striking features
a: no special abilities


You were on level 1 of the Dungeon.
You visited 1 branch of the dungeon, and saw 1 of its levels.

You collected 10 gold pieces.

Inventory:

Armour
 a - a +0 robe (worn)
Potions
 b - a potion of magic


   Skills:
 + Level 1.9 Dodging
 + Level 1.9 Stealth
 + Level 2.1 Spellcasting
 + Level 4.4 Necromancy


You had 3 spell levels left.
You knew the following spells:

 Your Spells              Type           Power      Damage    Failure   Level
a - Necrotise             Necr           64%        1d7       3%          1

Your spell library contained the following spells:

 Spells                   Type           Power      Damage    Failure   Level
 Vampiric Draining        Necr           16%        2d7       10%         3
 Animate Dead             Necr           16%        N/A       32%         4
 Agony                    Necr           16%        N/A       65%         5


Dungeon Overview and Level Annotations

Branches:
Dungeon (1/15)

Altars:


Message History

Casting: Necrotise (safe; 3% risk of failure)
Confirm with . or Enter, or press ? or * to list all spells.
Aiming: Necrotise (safe; 3% risk of failure)
Press: ? - help, Shift-Dir - straight line, f - goblin
Aim: a goblin, wielding a +0 dagger (chance to affect: 85%)
The goblin writhes in agony!
You kill the goblin!
The dead are walking!
The jackal closely misses you. The jackal misses you.
Your jackal skeleton barely misses the jackal.
The jackal barely misses you.
Your goblin skeleton barely misses the jackal.
Your jackal skeleton barely misses the jackal.
The jackal barely misses you. x2
The rat twitches its whiskers.
The jackal attacks as you move away! The jackal bites you.
* * * LOW HITPOINT WARNING * * *
Your goblin skeleton misses the jackal.
The jackal attacks as you move away! The jackal closely misses you.
Your jackal skeleton barely misses the kobold.
The jackal attacks as you move away! The jackal barely misses you.
Something bites your jackal skeleton. Something bites your jackal skeleton.
Your jackal skeleton bites the kobold.
Something bites your jackal skeleton. x2
Your jackal skeleton is destroyed!
The jackal misses you. The jackal attacks as you move away!
The jackal barely misses you.
Found a stone staircase leading down.
The jackal bites you.
* * * LOW HITPOINT WARNING * * *
Casting: Necrotise (safe; 3% risk of failure)
Confirm with . or Enter, or press ? or * to list all spells.
Aiming: Necrotise (safe; 3% risk of failure)
Press: ? - help, Shift-Dir - straight line, f - jackal
Aim: a jackal (chance to affect: 85%)
The jackal writhes in agony!
You kill the jackal!
The dead are walking!
The kobold attacks as you move away!
The kobold hits you with a +0 short sword.
You die...

##... ..... .#..#
..... .#..# .....#
.#..##.....#
##.........##
#..........##.
...Z..........#####
....##.....#....>.#
#.#........# #.@##
#..##.....######K.#
##...#.#...h...##.#
###r#......##.K.Z#
#...#..Z.####..#
###.#.r..# ##.#
#......# ###
###....# #....#


You could see a kobold (ally target) and a friendly jackal skeleton.

Vanquished Creatures
  A bat (D:1)
  A goblin (D:1)
  2 jackals (D:1)
4 creatures vanquished.

Notes
Turn   | Place    | Note
-------+----------+-------------------------------------------
     0 | D:1      | Moral the Demonspawn Necromancer began the quest for the
                  | Orb.
     0 | D:1      | Reached XP level 1. HP: 13/13 MP: 3/3
    73 | D:1      | Slain by a kobold

Illustrated notes

Levels and vault maps discovered:
D:1:      dpeg_arrival_water_temple_mockup, layout_rooms,
          chequers_ecumenical_altar_island

Action                     || total
---------------------------++-------
   Cast: Necrotise         ||     6
    Use: Scroll            ||     1
 Armour: Robe              ||     3
  Dodge: Dodged            ||    19

Table legend: (Time is in decaauts)
 A = Elapsed time spent in this place.
 B = Non-inter-level travel time spent in this place.
 C = Inter-level travel time spent in this place.
 D = Time resting spent in this place.
 E = Time spent auto-exploring this place.
 F = Levels seen in this place.
 G = Mean time per level.
                   A        B        C        D        E       F      G
               +--------+--------+--------+--------+--------+-----+--------+
         Total |     73 |     73 |      0 |      0 |     34 |   1 |   73.0 |
       Dungeon |     73 |     73 |      0 |      0 |     34 |   1 |   73.0 |
               +--------+--------+--------+--------+--------+-----+--------+

Top non-repeatable levels by time:
     D:1: 73 daAuts
